 Dungeon Crawl Stone Soup version 0.29.1-15-g9cfb28693d (webtiles) character file.

Game seed: 12947158274853730225

60 FaviusArthum the Trooper (level 3, -1/23 HPs)
             Began as a Deep Elf Abyssal Knight on Apr 5, 2023.
             Was a Believer of Lugonu.
             Slain by a kobold
             ... wielding a +0 club
              (4 damage)
             ... on level 3 of the Dungeon.
             The game lasted 00:06:10 (3947 turns).

FaviusArthum the Trooper (Deep Elf Abyssal Knight)  Turns: 3947, Time: 00:06:11

Health: -1/23      AC:  3    Str: 10    XL:     3   Next: 82%
Magic:  6/6        EV: 12    Int: 16    God:    Lugonu [**....]
Gold:   210        SH:  0    Dex: 15    Spells: 2/4 levels left

rFire   . . .      SeeInvis .   i - +0 dagger
rCold   . . .      Faith    .   (no shield)
rNeg    . . .      Spirit   .   b - +0 leather armour
rPois   .          Reflect  .   (no helmet)
rElec   .          Harm     .   (no cloak)
rCorr   .          Rampage  .   (no gloves)
Will    .....                   (no boots)
Stlth   +.........              (no amulet)
HPRegen 0.07/turn               (no ring)
MPRegen 0.10/turn               (no ring)

@: lethally poisoned (-1 -> -2)
A: no striking features
a: Renounce Religion, Depart the Abyss, Bend Space


You were on level 3 of the Dungeon.
You worshipped Lugonu.
Lugonu was pleased with you.
You visited 1 branch of the dungeon, and saw 3 of its levels.
You visited the Abyss 1 time.

You collected 210 gold pieces.

Inventory:

Hand Weapons
 a - a +1 short sword
 i - a +0 dagger (weapon)
Missiles
 k - 2 boomerangs
Armour
 b - a +0 leather armour (worn)
Jewellery
 f - a ring of wizardry
 g - a +4 ring of evasion
Scrolls
 l - a scroll of amnesia {unknown}
 m - a scroll of identify {unknown}
 n - a scroll of butterflies {unknown}
 o - a scroll of vulnerability {unknown}
 p - a scroll of torment {unknown}
Potions
 c - a potion of berserk rage {unknown}
 d - a potion of haste {unknown}
 e - 2 potions of invisibility {unknown}
 h - a potion of degeneration {unknown}
 j - a potion of curing {unknown}


   Skills:
 * Level 3.0 Fighting
 + Level 2.4 Short Blades
 + Level 1.4 Armour
 + Level 3.0 Dodging
 + Level 0.4 Stealth
 * Level 1.1 Spellcasting
 + Level 2.1 Invocations


You had 2 spell levels left.
You knew the following spells:

 Your Spells              Type           Power      Damage    Failure   Level
a - Searing Ray           Conj           0%         2d4       41%         2

Your spell library contained the following spells:

 Spells                   Type           Power      Damage    Failure   Level
 Magic Dart               Conj           0%         1d3       30%         1
 Fulminant Prism          Conj/Hex       0%         3d6       96%         4


Dungeon Overview and Level Annotations

Branches:
Dungeon (3/15)

Altars:

Annotations:
D:2 1 runed translucent door, Crazy Yiuf


Message History

The quokka bites you but does no damage.
The quokka bites you.
You barely miss the quokka.
The quokka is severely wounded.
You hit the quokka.
You kill the quokka!
Lugonu accepts your kill.
You start resting.
Magic restored.
You start resting.
HP restored.
You start waiting.
Done waiting.
There is an escape hatch in the floor here.
Found an escape hatch in the ceiling.
Found a stone staircase leading up.
p - a scroll labelled WISTIU RARR You now have 206 gold pieces (gained 8).
Found a leather armour.
A kobold comes into view.
It is wielding a +0 club and quivering poisoned darts.
You see here 4 gold pieces.
You now have 210 gold pieces (gained 4).
The kobold throws a poisoned dart.
The poisoned dart hits you!
You are poisoned.
You feel very sick.
You feel sick.
You feel sick. The kobold completely misses you.
You completely miss the kobold.
You feel sick. The kobold misses you.
You barely miss the kobold.
You feel sick. The kobold barely misses you.
You hit the kobold.
The kobold is heavily wounded.
You feel sick. The kobold hits you with a +0 club.
You barely miss the kobold.
The kobold is heavily wounded.
You feel sick. The kobold hits you with a +0 club.
* * * LOW HITPOINT WARNING * * *
You hit the kobold.
The kobold is severely wounded.
You feel sick. The kobold hits you with a +0 club.
You die...

........#####
............#
..##.##.###.#
..##.##.# #.#
..##.##.#
#.######
#.##.##.#
#......#
#.##.##.#
######.#
#.##.##.# #.#
#...#.... #@#
# ##.# #K#
#.# #.# #..
#.# ..# #.#


You could see a kobold.

Vanquished Creatures
  An adder (D:2)
  2 dart slugs (D:1)
  5 bats (D:1)
  6 endoplasms
  4 giant cockroaches
  A goblin (D:1)
  4 hobgoblins
  4 jackals
  A kobold (D:2)
  2 quokkas
  4 ball pythons
  2 frilled lizards
  7 rats
43 creatures vanquished.

Notes
Turn   | Place    | Note
-------+----------+-------------------------------------------
     0 | Abyss:1  | FaviusArthum the Deep Elf Abyssal Knight began the quest
                  | for the Orb.
     0 | Abyss:1  | Reached XP level 1. HP: 13/13 MP: 4/4
    37 | Abyss:1  | Noticed a ynoxinul
    49 | D:1      | Escaped the Abyss
   260 | D:1      | Reached ** piety under Lugonu
   533 | D:1      | Reached XP level 2. HP: 18/18 MP: 5/5
   623 | D:1      | Reached skill level 1 in Armour
  1145 | D:1      | Found a faded altar of an unknown god.
  1744 | D:1      | Reached XP level 3. HP: 22/22 MP: 6/6
  2467 | D:2      | Reached skill level 1 in Spellcasting
  3105 | D:2      | Found a runed translucent door.
  3106 | D:2      | Noticed Crazy Yiuf
  3640 | D:2      | Learned a level 2 spell: Searing Ray
  3947 | D:3      | Slain by a kobold

Illustrated notes

Levels and vault maps discovered:
D:1:      heliophobic_arrival_dark_side_of_the_moon, layout_loops_ring,
          hellmonk_ecumenical_altar_inner_sanctum, minivault_11
D:2:      layout_basic, grunt_decor_fettered, chequers_serial_rivers_micro_e,
          uniq_crazy_yiuf_cottage
D:3:      layout_loops_ring, chequers_serial_rivers_marsh,
          nicolae_shop_vocational, uniq_ijyb, uniq_terence, uniq_natasha

Skill      XL: |  1  2  3 |
---------------+----------+-----
Armour         | 1 |  1.4
Spellcasting   | 1 |  1.1
Fighting       | 3 |  3.0
Dodging        | 3 |  3.0
Short Blades   | |  2.4
Stealth        | |  0.4
Invocations    | |  2.1

Action                   || total
-------------------------++-------
Melee: Short sword       ||    91
       Dagger            ||    88
       Punch             ||     1
 Cast: Searing Ray       ||     1
Invok: Depart the Abyss  ||     1
 Stab: Sleeping          ||     1
Armor: Leather armour    ||    61
Dodge: Dodged            ||   131
